Map: King's Cove LE

Players

RapidXIV - Winner!

  • Race: Zerg Zerg
  • League: Diamond
  • Spawn Location: 5:00

Ice

  • Race: Terran Terran
  • Spawn Location: 11:00

VOD

Have the link to the VOD?

Description

Even up on economy I cant break lurker spore viper position with anything. Assuming the answer is use lurkers but damn.

Time

  • Played on: March 19, 2019, 3:35 a.m.
  • Length: 13:06
Show
View Real Time Build Order
Export as new Build Order

RapidXIV Zerg - Winner!

Build Orders: Pool First, Muta Ling Bane 

Get SALT Encoding   

  12  0:25  Spawning Pool  
  11  0:30  Drone  
  12  0:39  Drone  
  13  0:45  Overlord  
  13  1:16  Zergling x6  
  16  1:28  Drone  
  16  1:32  Extractor  
  16  1:33  Hatchery  
  15  1:40  Drone  
  16  2:05  Drone x2  
  16  2:08  Queen  
  20  2:19  Drone  
  21  2:27  Drone  
  22  2:30  Extractor  
  22  2:31  Drone  
  22  2:52  Drone x2  
  22  2:55  Queen  
  22  2:56  Overlord  
  26  3:06  Drone x2  
  26  3:09  Lair  
  28  3:33  Drone x3  
  28  3:34  Drone x2  
  33  3:37  Overlord  
  33  3:50  Drone x2  
  35  4:00  Extractor  
  35  4:01  Drone  
  35  4:02  Drone x2  
  37  4:07  Spire  
  37  4:17  Drone x3  
  37  4:19  Drone  
  37  4:22  Extractor  
  37  4:23  Drone  
  40  4:34  Drone x3  
  40  4:35  Drone  
  44  4:38  Metabolic Boost  
  44  4:49  Overlord  
  44  4:50  Overlord  
  44  5:07  Overlord  
  44  5:14  Overlord  
  44  5:20  Mutalisk x5  
  54  5:34  Drone  
  55  5:38  Drone x2  
  55  5:39  Hatchery  
  56  5:44  Zerg Flyer Weapons Level 1  
  56  5:50  Drone x3  
  56  5:52  Drone  
  60  6:01  Drone x2  
  60  6:02  Drone  
  60  6:03  Baneling Nest  
  62  6:19  Mutalisk  
  62  6:21  Zergling x8  
  62  6:22  Zergling x4  
  70  6:34  Zergling x2  
  70  6:36  Drone x5  
  76  6:51  Overlord x3  
  76  6:54  Mutalisk x2  
  80  7:04  Mutalisk  
  80  7:07  Overlord x2  
  82  7:21  Extractor, Queen  
  84  7:22  Extractor, Drone  
  84  7:23  Drone x2  
  84  7:24  Drone x2  
  87  7:32  Mutalisk  
  87  7:33  Zergling x2  
  87  7:34  Spire  
  87  7:36  Hatchery  
  88  7:38  Zerg Flyer Armor Level 1  
  88  7:56  Mutalisk  
  88  7:57  Mutalisk x3  
  96  8:12  Centrifical Hooks  
  94  8:14  Baneling x4  
  94  8:15  Baneling  
  94  8:16  Drone  
  94  8:18  Drone x4  
  99  8:20  Overseer x2  
  99  8:25  Mutalisk x4  
  107  8:39  Zergling x4  
  107  8:40  Zergling x4  
  111  8:47  Zergling x2  
  111  8:48  Zergling x4  
  106  8:58  Zergling x12  
  104  9:10  Mutalisk x4  
  109  9:22  Zergling x2  
  101  9:31  Zergling x6  
  103  9:33  Mutalisk x4  
  103  9:36  Zergling x4  
  114  9:41  Zerg Flyer Armor Level 2, Zerg Flyer Weapons Level 2  
  114  9:43  Mutalisk, Evolution Chamber x2  
  114  9:58  Mutalisk x3  
  119  10:01  Pneumatized Carapace  
  119  10:07  Overlord x4  
  119  10:08  Overlord x2  
  119  10:32  Overlord  
  119  10:33  Overlord  
  119  10:34  Overlord x2  
  119  10:38  Zerg Melee Weapons Level 1  
  119  10:39  Zerg Ground Armor Level 1  
  119  10:40  Baneling  
  119  10:41  Baneling x6  
  119  10:44  Drone x4  
  119  10:45  Drone x2  
  125  10:50  Mutalisk  
  125  10:55  Mutalisk x4  
  132  11:10  Mutalisk x3  
  138  11:13  Zergling x16  
  139  11:20  Zergling x6  
  139  11:21  Zergling x6  
  145  11:28  Overseer x2  
  145  11:29  Overseer  
  145  11:30  Mutalisk x2  
  149  11:36  Zergling x6  
  152  11:48  Zergling x8  
  152  11:50  Baneling x7  
  152  11:51  Baneling x2  
  152  11:53  Mutalisk  
  158  12:05  Overlord x3  
  158  12:08  Drone x3  
  161  12:14  Baneling  
  161  12:15  Baneling x16  
  161  12:16  Zergling x2  
  161  12:17  Zergling x6  
  165  12:23  Overlord  
  165  12:24  Overlord  
  165  12:28  Zergling x4  
Show
View Real Time Build Order
Export as new Build Order

Ice Terran 

Build Orders:  

Get SALT Encoding   

  12  0:02  SCV  
  13  0:14  SCV  
  13  0:20  Supply Depot  
  14  0:26  SCV  
  15  0:35  Refinery  
  15  0:42  SCV  
  16  0:46  Barracks  
  16  0:54  SCV  
  17  1:06  SCV  
  18  1:18  SCV  
  19  1:33  Orbital Command  
  19  1:34  Reaper  
  19  1:35  Supply Depot  
  20  1:54  Factory  
  20  2:00  SCV  
  21  2:06  Command Center  
  21  2:12  SCV  
  22  2:16  Marine  
  21  2:35  Command Center  
  21  2:50  Marine  
  22  2:57  SCV, Factory Reactor  
  23  3:02  Barracks  
  23  3:04  Barracks  
  23  3:10  Refinery, Marine  
  24  3:18  SCV  
  25  3:24  Starport  
  25  3:26  Engineering Bay  
  25  3:30  SCV  
  25  3:33  Marine  
  27  3:36  Hellion x2  
  31  3:47  SCV  
  32  3:49  Supply Depot  
  32  3:57  Barracks Reactor x2  
  32  3:58  Barracks Tech Lab  
  32  4:06  Supply Depot  
  32  4:08  Orbital Command  
  32  4:12  SCV  
  33  4:18  Stimpack, Marine  
  34  4:30  Terran Infantry Weapons Level 1, Engineering Bay  
  34  4:35  SCV  
  35  4:40  SCV  
  35  4:43  Supply Depot  
  36  4:55  SCV  
  36  4:56  SCV  
  36  4:58  Starport Reactor, Marine x4  
  42  5:03  Marauder  
  44  5:09  SCV x2  
  46  5:18  Missile Turret  
  46  5:21  Missile Turret, SCV x2  
  46  5:24  Marine x2  
  46  5:25  Marine x2  
  52  5:30  Marine  
  53  5:40  SCV x2  
  55  5:42  Supply Depot  
  55  5:44  Marine  
  55  5:45  Marine x3  
  59  5:52  Armory  
  60  5:57  SCV  
  60  5:59  Missile Turret  
  60  6:00  Marauder  
  62  6:15  SCV x2  
  63  6:19  Combat Shield  
  63  6:24  Supply Depot  
  62  6:34  SCV x2  
  62  6:35  Barracks Reactor  
  62  6:38  Terran Infantry Armor Level 1  
  64  6:40  Marine x2  
  64  6:41  Marine  
  64  6:49  SCV x2  
  66  7:01  SCV x2, Marine x3  
  64  7:02  Medivac x2  
  73  7:13  SCV x2  
  73  7:15  Supply Depot  
  72  7:19  Marine  
  72  7:20  Refinery  
  72  7:21  Marine x3  
  72  7:22  Refinery, Marine  
  77  7:25  SCV x2  
  79  7:36  Marine  
  79  7:37  Command Center, SCV  
  79  7:41  Terran Infantry Weapons Level 2  
  79  7:42  Barracks  
  79  7:43  Barracks  
  78  8:04  Command Center  
  74  8:07  Marauder  
  74  8:08  Widow Mine x2, Marine x3  
  74  8:09  Marine  
  74  8:12  Terran Vehicle Weapons Level 1  
  84  8:22  SCV  
  84  8:23  SCV  
  84  8:26  Marine x2  
  88  8:27  Medivac x2  
  88  8:28  Marauder  
  88  8:29  Missile Turret, Barracks Reactor  
  88  8:30  Barracks Reactor  
  92  8:46  Marine x2  
  94  8:49  Marine  
  94  8:50  Marine  
  94  8:53  Missile Turret  
  89  8:57  Widow Mine x2  
  66  9:34  Marine  
  66  9:35  Command Center, Marine x8  
  66  9:37  Widow Mine x2, Medivac x2  
  83  9:52  Marine  
  83  9:53  Marine  
  83  9:56  Command Center  
  85  10:18  Marine  
  85  10:19  Marine x8  
  92  10:21  Hellbat  
  92  10:26  Terran Infantry Weapons Level 3, Terran Infantry Armor Level 2  
  92  10:27  Hellbat, Supply Depot x2  
  95  10:36  Marine x2  
  97  10:46  Marine x7  
  104  10:54  Marine x2  
  106  10:58  SCV x2  
  106  11:07  Marine  
  106  11:08  Marine x3  
  110  11:16  Missile Turret  
  108  11:25  Orbital Command  
  106  11:28  SCV x2  
  108  11:34  Marine  
  108  11:35  Marine  
  108  11:37  Marine  
  108  11:38  Supply Depot, Marine  
  112  11:40  SCV x2  
  114  11:48  Marine x2  
  114  11:49  Marine x2  
  114  11:50  Marine  
  114  11:52  Marine  
  120  11:55  Supply Depot x2  
  120  12:05  SCV x3  
  123  12:09  Marine x3  
  123  12:10  Refinery x2, Marine x4  
  123  12:11  Marine  
  123  12:12  Marine  
  132  12:17  SCV  
  133  12:25  Hellbat x2  
  133  12:27  Marine  
  138  12:31  Supply Depot  
Tags
 
Composition
Muta Ling Bane
League
Diamond
Matchup
TvZ
Opening
Pool First
Spawn Locations
Cross Positions
Add a new tag
Caveats
  • Supply blocks, unpowered buildings, or Contaminate may cause inaccurate times.
  • Supply counts are checked every 10 seconds.